 Dungeon Sprint DCSS version 0.30-a0-626-gd6a5dd7a1f (webtiles) character file.

Game seed: 2876016236940592947

117 BigDaddyOpFi the Trooper (level 5, -5/51 HPs)
             Began as a Hill Orc Fighter on Jan 11, 2023.
             Was an Initiate of Fedhas.
             Slain by a komodo dragon (31 damage)
             ... in the Dungeon (Sprint IX: "|||||||||||||||||||||||||||||").
             The game lasted 00:01:22 (316 turns).

BigDaddyOpFi the Trooper (Hill Orc Fighter)          Turns: 316, Time: 00:01:23

Health: -5/51      AC:  2    Str: 24    XL:     5   Next: 1%
Magic:  5/5        EV: 11    Int:  8    God:    Fedhas [......]
Gold:   0          SH:  5    Dex: 10    Spells: 4/4 levels left

rFire   . . .      SeeInvis .    m - +1 broad axe (freeze)
rCold   . . .      Faith    .    c - +0 buckler
rNeg    . . .      Spirit   .    (no body armour)
rPois   .          Reflect  .    (no helmet)
rElec   .          Harm     .    (no cloak)
rCorr   .          Rampage  .    (no gloves)
Will    .....      NoTele   +    (no boots)
Stlth   +                        (no amulet)
HPRegen 0.28/turn                r - +3 ring of strength
MPRegen 0.09/turn                q - +2 ring of protection

@: no status effects
A: no striking features
a: Renounce Religion, Convert to Beogh


You were in the Dungeon.
You worshipped Fedhas.
Fedhas was noncommittal.
You visited 1 branch

Inventory:

Hand Weapons
 a - a +0 war axe
 m - a +1 broad axe of freezing (weapon)
Armour
 b - a +0 scale mail
 c - a +0 buckler (worn)
 n - a +0 helmet
 o - a +0 cloak
 p - a +0 plate armour
Jewellery
 q - a +2 ring of protection (right hand)
 r - a +3 ring of strength (left hand)
Wands
 l - a wand of roots (10)
Scrolls
 j - a scroll of blinking
 k - 2 scrolls of amnesia
Potions
 d - a potion of invisibility
 e - 5 potions of curing
 f - 2 potions of heal wounds
 g - a potion of haste
 h - 4 potions of magic
 i - a potion of berserk rage


   Skills:
 + Level 6.7 Fighting
 + Level 6.6 Axes
 + Level 6.1 Armour
 + Level 6.1 Shields


You had 4 spell levels left.
You didn't know any spells.
Your spell library was empty.

Dungeon Overview and Level Annotations

Branches:
Dungeon (1/1)

Altars:
Cheibriados
Dithmenos
Elyvilon
Fedhas
Gozag
Hepliaklqana
Kikubaaqudgha
Makhleb
Nemelex Xobeh
Okawaru
Qazlal
Ru
Sif Muna
Trog
Uskayaw
Vehumet
Wu Jian
Xom
Yredelemnul
Zin
The Shining One
Beogh
Jiyva
Lugonu


Message History

You see here a +0 plate armour.
p - a +0 plate armour
q - a +2 ring of protection
r - a +3 ring of strength You open the door.
A komodo dragon, a wyvern, an orc priest, a kobold brigand, a yak and a shadow come into view.
The kobold brigand is wielding a +0 dagger and quivering curare-tipped darts.
The komodo dragon hisses angrily.
The wyvern hisses angrily.
The orc priest shouts, "Join the one true god or die!" (press Y on the ability menu to convert to Beogh)
The orc priest shouts!
The kobold brigand shouts!
The yak bellows!
Okay, then.
Okay, then.
Okay, then.
Blink to where?
Press: ? - help, Dir - move target
As you read the scroll of blinking, it crumbles to dust.
There is an open door here.
There is a glowing golden altar of the Shining One here.
Okay, then.
Okay, then.
Okay, then.
You feel stronger.
r - a +3 ring of strength (left hand)
q - a +2 ring of protection (right hand)
You start removing your armour.
You continue taking off your +0 scale mail. x4
You finish taking off your +0 scale mail.
You start putting on your armour.
You continue putting on your +0 plate armour.
The orc priest looks encouraged for a moment.
The komodo dragon bites you!
Keep equipping yourself?
You continue putting on your +0 plate armour.
The komodo dragon bites you!
You continue putting on your +0 plate armour.
The komodo dragon bites you!!
Ouch! That really hurt!
You die...
Fedhas appreciates your contribution to the ecosystem. ▓▓▓▓▓▓▓▓▓▓▓▓▓▓▓▓▓▓▓▓▓▓▓▓▓▓▓▓▓▓▓▓▓ ________________@lloK.Y...§'l.oKY ▓▓▓▓▓▓▓▓▓▓▓▓▓▓▓▓▓▓▓▓▓▓▓▓▓▓▓▓▓▓▓▓▓

You could see a komodo dragon, a yak, a wyvern, a kobold brigand and an orc priest.

Vanquished Creatures
  A howler monkey (D)
  2 hounds (D)
  An adder (D)
  A shadow imp (D)
  An endoplasm (D)
  A jackal (D)
  A quokka (D)
  A frilled lizard (D)
  A rat (D)
10 creatures vanquished.

Notes
Turn   | Place    | Note
-------+----------+-------------------------------------------
     0 | D        | BigDaddyOpFi the Hill Orc Fighter began the quest for the
                  | Orb.
     0 | D        | Reached XP level 1. HP: 19/19 MP: 1/1
   173 | D        | Noticed a hound
   173 | D        | Noticed a howler monkey
   173 | D        | Noticed a hound
   181 | D        | Killed a hound
   182 | D        | Reached skill level 5 in Fighting
   182 | D        | Reached XP level 2. HP: 29/29 MP: 2/2
   182 | D        | Reached XP level 3. HP: 36/36 MP: 3/3
   183 | D        | Reached skill level 5 in Axes
   183 | D        | Reached skill level 5 in Armour
   183 | D        | Reached skill level 5 in Shields
   183 | D        | Reached XP level 4. HP: 44/44 MP: 4/4
   190 | D        | Reached XP level 5. HP: 51/51 MP: 5/5
   236 | D        | Found a roughly hewn altar of Beogh.
   236 | D        | Found a snail-covered altar of Cheibriados.
   236 | D        | Found a shadowy altar of Dithmenos.
   236 | D        | Found a white marble altar of Elyvilon.
   236 | D        | Found a blossoming altar of Fedhas.
   236 | D        | Found an opulent altar of Gozag.
   237 | D        | Found a hazy altar of Hepliaklqana.
   238 | D        | Found a viscous altar of Jiyva.
   239 | D        | Found an ancient bone altar of Kikubaaqudgha.
   240 | D        | Found a corrupted altar of Lugonu.
   241 | D        | Found a burning altar of Makhleb.
   242 | D        | Found a sparkling altar of Nemelex Xobeh.
   243 | D        | Found an iron altar of Okawaru.
   244 | D        | Found a stormy altar of Qazlal.
   245 | D        | Found a sacrificial altar of Ru.
   246 | D        | Found a shimmering blue altar of Sif Muna.
   247 | D        | Found a bloodstained altar of Trog.
   248 | D        | Found a hide-covered altar of Uskayaw.
   249 | D        | Found a radiant altar of Vehumet.
   250 | D        | Found an ornate altar of the Wu Jian Council.
   251 | D        | Found a shimmering altar of Xom.
   261 | D        | Became a worshipper of Fedhas Madash
   271 | D        | Found a basalt altar of Yredelemnul.
   272 | D        | Found a glowing silver altar of Zin.
   273 | D        | Found a glowing golden altar of the Shining One.
   302 | D        | Noticed a komodo dragon
   302 | D        | Noticed a wyvern
   302 | D        | Noticed a kobold brigand
   302 | D        | Noticed a yak
   302 | D        | Noticed a shadow
   316 | D        | Slain by a komodo dragon

Illustrated notes

Levels and vault maps discovered:
D:        linesprint [early_d, line_temple, items_1, d_10, items_2, lair_1,
          lair_end, items_3, orc_1, orc_end, items_4, d_15, swamp_1, shoals_1,
          snake_1, spider_1, d_20, vaults_1, items_5, swamp_end, shoals_end,
          snake_end, spider_end, vaults_end, d_27, items_6, zot_1, zot_end,
          crypt_end, forest_end, elf_end, slime_end, tomb_end, abyss_end,
          pan_hell_end]

Skill      XL: |  1  2  3  4 |
---------------+-------------+-----
Axes           | 4 5 6 |  6.6
Fighting       | 5 6 |  6.7
Armour         | 4 5 6 |  6.1
Shields        | 4 5 6 |  6.1

Action                   |  1- 3 |  4- 6 || total
-------------------------+-------+-------++-------
Melee: War axe           |    26 |     7 ||    33
  Use: Potion            |     2 |       ||     2
       Scroll            |       |     1 ||     1
Armor: Scale mail        |    13 |     1 ||    14
Dodge: Dodged            |    12 |     3 ||    15
Block: Buckler           |     5 |     2 ||     7

Table legend: (Time is in decaauts)
 A = Elapsed time spent in this place.
 B = Non-inter-level travel time spent in this place.
 C = Inter-level travel time spent in this place.
 D = Time resting spent in this place.
 E = Time spent auto-exploring this place.
 F = Levels seen in this place.
 G = Mean time per level.
                   A        B        C        D        E       F      G
               +--------+--------+--------+--------+--------+-----+--------+
         Total |    326 |    326 |      0 |    185 |      0 |   1 |  326.0 |
       Dungeon |    326 |    326 |      0 |    185 |      0 |   1 |  326.0 |
               +--------+--------+--------+--------+--------+-----+--------+

Top non-repeatable levels by time:
       D: 326 daAuts
